 Dungeon Crawl Stone Soup version 0.28.0-43-g3370ac3207 (webtiles) character file.

Game seed: 16816465124448804946

346775 boopmooplesden the Minotaur Barricade (level 21, -1/199 HPs)
             Began as a Minotaur Berserker on Mar 24, 2022.
             Was the Champion of Trog.
             Slain by Mennas
             ... wielding a +3 eudemon blade of holy wrath
              (7 damage)
             ... on level 2 of the Vaults.
             The game lasted 01:25:09 (40767 turns).

boopmooplesden the Minotaur Barricade (MiBe)       Turns: 40767, Time: 01:25:10

Health: -1/199     AC: 46    Str: 28    XL:     21   Next: 50%
Magic:  20/20      EV: 10    Int:  6    God:    Trog [******]
Gold:   5928       SH:  0    Dex: 35    Spells: 20/20 levels left

rFire   + . .      SeeInvis +   a - +2 demon trident (freeze)
rCold   + + +      Faith    .   M - +4 tower shield {rC+}
rNeg    + . .      Spirit   .   c - +14 crystal plate armour of the Evening Star {*Slow Will- Int+4 Dex+8}
rPois   +          Reflect  +   Q - +0 hat {SInv}
rElec   +          Harm     .   x - +0 cloak {rC+}
rCorr   .          Rampage  .   r - +2 pair of gloves of the Game of Life {Drain rElec Dex+6 Stlth+}
Will    .....                   t - +0 pair of boots of the Equinox {Str+4 Int-4 Dex+6}
Stlth   ..........              j - amulet of reflection
HPRegen 0.43/turn               q - ring of Res Nullius {Fly rC+ rN+}
MPRegen 0.17/turn               H - ring of protection from fire

@: confused, flying, glowing, studying Bows
A: horns 2, retaliatory headbutt, agile 1, dopey 1, poison resistance, weak 1
}: 1/15 runes: gossamer
a: Renounce Religion, Berserk, Trog's Hand, Brothers in Arms


You were on level 2 of the Vaults.
You worshipped Trog.
Trog was exalted by your worship.
You visited 7 branches of the dungeon, and saw 33 of its levels.
You visited the Abyss 2 times.
You also visited: Gauntlet, Ice Cave and Desolation.

You collected 6003 gold pieces.
You spent 75 gold pieces at shops.

Inventory:

Hand Weapons
 a - a +2 demon trident of freezing (weapon)
 s - a +4 demon trident of electrocution
 C - a +4 vampiric demon whip
Missiles
 m - 13 boomerangs (quivered)
 z - 2 throwing nets
Armour
 c - the +14 crystal plate armour of the Evening Star (worn) {*Slow Will- Int+4 Dex+8}
   (You acquired it on level 4 of the Dungeon)

   Int:       It affects your intelligence (+4).
   Dex:       It affects your dexterity (+8).
   *Slow:     It may slow you when you take damage.
   Will:      It decreases your willpower.
 f - a +2 hat
 r - the +2 pair of gloves of the Game of Life (worn) {Drain rElec Dex+6 Stlth+}
   (You acquired it on level 8 of the Dungeon)

   Dex:       It affects your dexterity (+6).
   rElec:     It insulates you from electricity.
   Drain:     It drains your maximum health when unequipped.
   Stlth:     It makes you more stealthy.
 t - the +0 pair of boots of the Equinox (worn) {Str+4 Int-4 Dex+6}
   (You found it on level 6 of the Lair of Beasts)

   Str:       It affects your strength (+4).
   Int:       It affects your intelligence (-4).
   Dex:       It affects your dexterity (+6).
 x - a +0 cloak of cold resistance (worn)
 y - a +0 cloak of willpower
 M - a +4 tower shield of cold resistance (worn)
 O - the +5 ring mail of Ceuby {rC+ SInv}
   (You found it on level 10 of the Dungeon)

   rC:        It protects you from cold.
   SInv:      It lets you see invisible.
 Q - a +0 hat of see invisible (worn)
 W - the +1 pair of boots of Morality {Dex+2}
   (You found it in a Gauntlet)

   Dex:       It affects your dexterity (+2).
Jewellery
 b - a +6 ring of strength
 e - the necklace of Bloodlust {*Rage Will++ Int-3 Slay+6}
   (You found it on level 15 of the Dungeon)

   [amulet of nothing]

   It extends the wearer's berserk rage when killing foes.
   Int:       It affects your intelligence (-3).
   Slay:      It affects your accuracy & damage with ranged weapons and melee
   (+6).
   *Rage:     It berserks you when you make melee attacks (+50% chance).
   Will:      It greatly increases your willpower.
 g - a ring of positive energy
 j - an amulet of reflection (around neck)
 l - a ring of willpower
 q - the ring of Res Nullius (left hand) {Fly rC+ rN+}
   (You found it on level 3 of the Elven Halls)

   [ring of flight]

   rC:        It protects you from cold.
   rN:        It protects you from negative energy.
   Fly:       It grants you flight.
 v - an amulet of the acrobat
 E - an amulet of guardian spirit
 H - a ring of protection from fire (right hand)
 R - a +4 ring of slaying
 T - the ring of the Country {Wiz rF+ Will+ Str-2 Int+4}
   (You found it in the Desolation of Salt)

   [ring of wizardry]

   It improves your spell success rate.
   Str:       It affects your strength (-2).
   Int:       It affects your intelligence (+4).
   rF:        It protects you from fire.
   Will:      It increases your willpower.
 U - a +4 ring of evasion
 V - a +6 ring of dexterity
Wands
 n - a wand of iceblast (33)
 A - a wand of polymorph (19)
 D - a wand of flame (31)
 X - a wand of digging (6)
 Z - a wand of acid (33)
Scrolls
 d - 9 scrolls of teleportation
 i - 2 scrolls of holy word
 w - a scroll of summoning
 F - 10 scrolls of fog
 G - a scroll of blinking
 I - 4 scrolls of magic mapping
 N - 5 scrolls of fear
 Y - 20 scrolls of identify
Potions
 o - 3 potions of magic
 p - 6 potions of haste
 u - 6 potions of curing
 B - 3 potions of might
 J - a potion of heal wounds
 K - 2 potions of invisibility
 L - a potion of cancellation {unknown}
 P - 3 potions of ambrosia
 S - 2 potions of berserk rage
Miscellaneous
 h - a condenser vane
 k - a lightning rod (4/4)


   Skills:
 + Level 19.6 Fighting
 + Level 1.5(1.8) Short Blades
 + Level 1.4(1.9) Long Blades
 + Level 1.6(14.0) Axes
 + Level 1.9(2.5) Maces & Flails
 + Level 21.1 Polearms
 + Level 1.4(14.0) Staves
 + Level 1.5(2.3) Slings
 + Level 2.2 Bows
 + Level 1.5 Crossbows
 + Level 2.3(2.6) Throwing
 + Level 17.6 Armour
 + Level 4.3 Dodging
 + Level 2.4 Stealth
 O Level 27 Shields
 + Level 1.2 Unarmed Combat
 + Level 1.1 Invocations
 + Level 1.2 Evocations


You had 20 spell levels left.
You didn't know any spells.
Your spell library was empty.

Dungeon Overview and Level Annotations

Branches:
Dungeon (15/15)            Temple (0/1) D:4            Lair (6/6) D:10
 Shoals (0/4) Lair:3       Spider (4/4) Lair:3        Slime (0/5) Lair:6
    Orc (2/2) D:9             Elf (3/3) Orc:2        Vaults (2/5) D:13
 Depths (1/4) D:15          IceCv (visited)         Desolation (visited)
Gauntlet (visited)
  Crypt: Vaults:2-3

Altars:
Dithmenos
Trog
Uskayaw
Vehumet
Jiyva
Lugonu

Shops:
D:2 :   D:5 *   D:9 (   D:10 *   Orc:2 (::?*

Portals:
Abyss: D:7
Trove: D:15 (give +5 demon whip)

Annotations:
Lair:1 exclusion: 2 oklob plants
Orc:2 2 transporters, ChongLi's ghost, journeyman DjFE
Vaults:2 Margery; Mennas


Innate Abilities, Weirdness & Mutations

You have a pair of horns on your head.
You reflexively headbutt those who attack you in melee.
You are agile. (Dex +2)
You are dopey. (Int -2)
Your system is resistant to poisons. (rPois)
You are weak. (Str -2)


Message History

Mennas completely misses you.
Mennas hits you with a +3 eudemon blade of holy wrath!
* * * LOW HITPOINT WARNING * * *
You hit the glowing orange brain but do no damage.
You headbutt the glowing orange brain.
The glowing orange brain is lightly wounded.
The ironbound preserver casts a spell.
The ironbound preserver is healed somewhat.
The yaktaur hits you!
* * * LOW HITPOINT WARNING * * *
Mennas hits you but does no damage. x2
You impale the glowing orange brain!! You freeze the glowing orange brain.
You headbutt the glowing orange brain.
The glowing orange brain is severely wounded.
The yaktaur hits you but does no damage.
The ironbound preserver hits you with a +0 great mace!
* * * LOW HITPOINT WARNING * * *
Mennas completely misses you. Mennas hits you but does no damage.
You puncture the glowing orange brain! You freeze the glowing orange brain.
The glowing orange brain is almost dead.
You impale the ironbound preserver!! You freeze the ironbound preserver.
The ironbound preserver is heavily wounded.
Mennas hits you but does no damage. Mennas completely misses you.
The yaktaur misses you.
A hell knight comes into view. It is wielding a +0 battleaxe.
The ironbound preserver gestures wildly while chanting.
The ironbound preserver is healed somewhat.
You hit the yaktaur. You freeze the yaktaur.
The yaktaur is lightly wounded.
Mennas hits you with a +3 eudemon blade of holy wrath.
* * * LOW HITPOINT WARNING * * *
Mennas hits you but does no damage.
You bump into the stone wall.
Mennas completely misses you. Mennas hits you but does no damage.
The ironbound preserver casts a spell.
The ironbound preserver begins to accept its allies' injuries.
Margery screams, "You can't withstand my power!"
The yaktaur hits you but does no damage.
Mennas hits you with a +3 eudemon blade of holy wrath!
You die...

.###.....#.#### ...#..⌠..#...#
##.#.....###.##
...##...##....#
.#..##'###....#
.##......#....#
.#########....#
#############T##########+#####
.......c.ccTpc@p@.............
....TTp..pTTcppAcG............
....c##############...........
.....# #........... .....#
#........... .....#
#........... .....#
#........... .....#
#........... .....#
#...........


You could see Margery (sheltered), Mennas (sheltered), 3 ironbound preservers, a
yaktaur captain (sheltered), 2 hell knights, a glowing orange brain (sheltered),
4 deep trolls and 4 yaktaurs.

Vanquished Creatures
  A bone dragon (Abyss:2)
  Jorgrun (Spider:3)
  Rupert (D:14)
  6 deep elf blademasters (Elf:3)
  2 deep elf master archers (Elf:3)
  An Executioner (Abyss:3)
  Agnes (Elf:1)
  5 tentacled starspawn
  Donald (Spider:1)
  Roxanne (D:14)
  4 deep elf sorcerers (Elf:3)
  6 emperor scorpions
  3 vault wardens
  5 ghost moths
  A cacodemon (Abyss:2)
  3 deep elf elementalists (Elf:3)
  7 ironbound preservers
  A reaper (IceCv)
  3 broodmothers (Spider:4)
  A stone giant (Depths:1)
  An ironbound thunderhulk (Vaults:2)
  Nessos (Orc:2)
  3 deep elf demonologists (Elf:3)
  3 entropy weavers
  7 deep elf annihilators (Elf:3)
  A minotaur (Gauntlet)
  4 dire elephants (Vaults:1)
  4 spark wasps
  2 crystal guardians (Desolation)
  5 deep elf death magi
  2 great orbs of eyes
  An ettin (D:15)
  A fire dragon (D:14)
  A deep elf high priest (Elf:3)
  10 hydras
  7 peacekeepers
  3 boulder beetles
  4 servants of whispers (Desolation)
  The ghost of Kazon the Pandemonic, a journeyman DsFi of Makhleb (Lair:3)
  3 catoblepae
  11 centaur warriors
  2 ironbound frosthearts (Vaults:1)
  2 ogre magi (D:15)
  2 jorogumos
  11 two-headed ogres
  2 radroaches (Spider:4)
  32 dancing weapons
  10 death yaks
  3 tengu warriors
  2 death scarabs (Gauntlet)
  7 large abominations
  A thrashing horror (Abyss:3)
  A spriggan berserker (Depths:1)
  3 wretched stars
  27 deep elf knights
  A fire crab (shapeshifter) (D:14)
  2 spectral death yaks
  A sun moth (Spider:4)
  5 pharaoh ants
  4 skeletal warriors (D:12)
  A spatial maelstrom (Abyss:2)
  A goliath frog (Lair:6)
  10 steelbarb worms
  12 deep trolls
  A sea snake (shapeshifter) (D:13)
  2 spectral hydras
  4 deep elf archers
  6 orb spiders
  5 lindwurms
  3 orc knights (Orc:2)
  3 wizards
  A harpy (Vaults:1)
  21 deep elf pyromancers
  15 wolf spiders
  4 necromancers
  24 deep elf zephyrmancers
  30 ugly things
  A spectral boulder beetle (Gauntlet)
  An orc sorcerer (D:15)
  5 manticores
  A salamander (shapeshifter) (Elf:2)
  2 oklob plants
  14 elephants
  11 cyclopes
  A worldbinder (Abyss:3)
  3 moths of wrath
  2 vault sentinels
  4 guardian serpents
  2 black mambas
  An orange demon (Abyss:2)
  3 molten gargoyles (Desolation)
  6 torpor snails
  A cane toad (shapeshifter) (D:15)
  2 ice statues (IceCv)
  4 gargoyles
  3 smoke demons
  31 cane toads
  2 unseen horrors
  8 ice devils (IceCv)
  6 rime drakes
  A freezing wraith (D:14)
  2 tengu conjurers (D:14)
  2 anaconda simulacra (IceCv)
  A yaktaur (Vaults:2)
  6 komodo dragons
  5 demonic crawlers
  4 ancient zymes
  9 meliai
  4 tyrant leeches (Lair:6)
  2 trolls
  2 polar bears (Lair:1)
  2 hornets
  26 tarantellas
  A slime creature (shapeshifter) (Elf:3)
  22 saltlings
  5 raiju
  19 slime creatures
  41 blink frogs
  A vampire (D:10)
  A spectral black mamba (Lair:3)
  30 jumping spiders
  A shadow (D:11)
  2 water elementals
  2 ynoxinuls (Abyss:3)
  12 culicivoras
  2 air elementals (Elf:2)
  Sigmund (D:4)
  4 wraiths
  A dire elephant simulacrum (IceCv)
  6 fire elementals
  58 yaks
  A golden eye (Abyss:2)
  A golden eye (shapeshifter) (D:13)
  Eustachio (D:6)
  4 fire bats (D:9)
  6 basilisks
  2 neqoxecs
  3 steam dragons
  49 redbacks
  A death yak simulacrum (IceCv)
  Grum (D:10)
  17 vampire mosquitoes
  A catoblepas simulacrum (Lair:3)
  7 wargs
  A harpy simulacrum (IceCv)
  A spatial vortex (Abyss:2)
  A hell hound (D:9)
  An acid dragon (D:12)
  A hydra simulacrum (Lair:3)
  3 floating eyes (Elf:2)
  11 water moccasins
  32 orc warriors
  A sky beast (D:6)
  A necrophage (D:5)
  2 black bears (Lair:3)
  A black mamba simulacrum (Lair:3)
  19 wolves
  A tengu (shapeshifter) (Elf:2)
  10 ogres
  20 centaurs
  A phantom (D:5)
  3 kobold brigands
  25 bullfrogs
  7 elf zombies (Elf:1)
  2 two-headed ogre simulacra (IceCv)
  9 earth elementals
  A wyvern zombie (D:6)
  2 cane toad simulacra (IceCv)
  3 scorpions
  A water moccasin zombie (D:4)
  2 elephant simulacra (IceCv)
  4 killer bees (Lair:3)
  5 wights (D:8)
  5 electric eels
  3 howler monkeys
  A bullfrog zombie (D:6)
  3 centaur zombies
  2 lava snakes (D:9)
  A jelly (D:6)
  2 hounds
  7 small abominations
  15 orc priests
  Crazy Yiuf (D:4)
  Natasha (twice) (D:3)
  Terence (D:3)
  2 iguanas (D:4)
  13 hell rats
  18 orc wizards
  A spriggan simulacrum (IceCv)
  2 troll simulacra (IceCv)
  A howler monkey zombie (D:9)
  Robin (D:3)
  A gnoll (D:1)
  A howler monkey skeleton (D:2)
  6 adders
  A naga simulacrum (IceCv)
  3 river rats (Lair:4)
  6 white imps
  An ufetubus (IceCv)
  92 orcs
  8 bats
  7 endoplasms
  A giant cockroach (D:1)
  14 goblins
  11 hobgoblins
  8 jackals
  12 kobolds
  4 quokkas
  5 ball pythons
  6 frilled lizards (D:1)
  14 rats
  A bush (Lair:4)
  A fire vortex (D:9)
  3 starspawn tentacles (Abyss:2)
1331 creatures vanquished.

Vanquished Creatures (others)
  A rakshasa (D:12)
  A peacekeeper (Desolation)
  A deep elf pyromancer (Elf:1)
  2 manticores
  2 white imps (IceCv)
  A kobold (D:10)
  2 fire vortices (D:9)
  44 fungi
  78 plants
  12 starspawn tentacles
144 creatures vanquished.

Grand Total: 1475 creatures vanquished

Notes
Turn   | Place    | Note
-------+----------+-------------------------------------------
     0 | D:1      | boopmooplesden the Minotaur Berserker began the quest for
                  | the Orb.
     0 | D:1      | Reached XP level 1. HP: 19/19 MP: 0/0
   297 | D:1      | Found a faded altar of an unknown god.
   464 | D:1      | Reached XP level 2. HP: 22/27 MP: 1/1
   826 | D:1      | Reached ** piety under Trog
  1104 | D:1      | Reached XP level 3. HP: 33/33 MP: 2/2
  1686 | D:2      | Found Goasaph's Book Shoppe.
  1847 | D:2      | Reached XP level 4. HP: 32/41 MP: 3/3
  2608 | D:3      | Noticed Natasha
  2618 | D:3      | Killed Natasha
  2706 | D:3      | Reached XP level 5. HP: 45/47 MP: 4/4
  2764 | D:3      | Reached *** piety under Trog
  2927 | D:3      | Noticed Terence
  2943 | D:3      | Killed Terence
  2944 | D:3      | Reached skill level 5 in Polearms
  3146 | D:3      | Noticed Natasha
  3149 | D:3      | Noticed Robin
  3167 | D:3      | Killed Robin
  3180 | D:3      | Killed Natasha
  3181 | D:3      | Reached skill level 1 in Stealth
  3186 | D:3      | Reached skill level 1 in Shields
  3394 | D:4      | Found a staircase to the Ecumenical Temple.
  3401 | D:4      | Reached XP level 6. HP: 39/55 MP: 5/5
  3664 | D:4      | Reached skill level 5 in Fighting
  3741 | D:4      | Reached skill level 5 in Armour
  3771 | D:4      | Noticed Sigmund
  3790 | D:4      | Killed Sigmund
  3791 | D:4      | Reached skill level 2 in Shields
  3791 | D:4      | Reached XP level 7. HP: 53/61 MP: 6/6
  4049 | D:4      | Noticed a hornet
  4055 | D:4      | Killed a hornet
  4246 | D:4      | Found a runed translucent door.
  4247 | D:4      | Noticed Crazy Yiuf
  4254 | D:4      | Killed Crazy Yiuf
  4276 | D:4      | Identified 2 scrolls of acquirement
  4276 | D:4      | Acquired the +14 crystal plate armour of the Evening Star
                  | {*Slow Will- Int+4 Dex+8}
  4288 | D:4      | Acquired a +2 hat
  4437 | D:5      | Entered Level 5 of the Dungeon
  4453 | D:5      | Reached skill level 3 in Shields
  4453 | D:5      | Reached XP level 8. HP: 70/70 MP: 7/7
  4646 | D:5      | Reached **** piety under Trog
  4737 | D:5      | Found Weytzerucu's General Store.
  4775 | D:5      | Found a radiant altar of Vehumet.
  5707 | D:6      | Noticed Eustachio
  5719 | D:6      | Killed Eustachio
  5885 | D:6      | Reached skill level 4 in Shields
  5885 | D:6      | Reached XP level 9. HP: 68/78 MP: 8/8
  5892 | D:6      | Reached skill level 10 in Polearms
  6651 | D:7      | Found a one-way gate to the infinite horrors of the Abyss.
  6991 | D:7      | Found a large runed translucent door.
  6992 | D:7      | Found a large runed translucent door.
  6993 | D:7      | Found a corrupted altar of Lugonu.
  7262 | D:8      | Reached skill level 5 in Shields
  7314 | D:8      | Reached XP level 10. HP: 67/88 MP: 9/9
  7672 | D:8      | Reached ***** piety under Trog
  7793 | D:8      | Acquired the +2 pair of gloves of the Game of Life {Drain
                  | rElec Dex+6 Stlth+}
  7835 | D:9      | Noticed a two-headed ogre
  7854 | D:9      | Killed a two-headed ogre
  7855 | D:9      | Reached skill level 6 in Shields
  8698 | D:9      | Reached skill level 7 in Shields
  8713 | D:9      | Received a gift from Trog
  8908 | D:9      | Found a staircase to the Orcish Mines.
  8950 | D:9      | Found Vetapu's Weapon Boutique.
  9152 | D:10     | Entered Level 10 of the Dungeon
  9157 | D:10     | Identified the +5 ring mail of Ceuby {rC+ SInv}
  9394 | D:10     | Found Fixorr's Changing Room.
  9438 | D:10     | Reached XP level 11. HP: 97/97 MP: 10/10
  9450 | D:10     | Reached skill level 8 in Shields
  9591 | D:10     | Found a shadowy altar of Dithmenos.
  9595 | D:10     | Noticed Grum
  9616 | D:10     | Killed Grum
  9776 | D:10     | Found a staircase to the Lair.
 10116 | D:11     | Reached skill level 9 in Shields
 10128 | D:11     | Noticed a seven-headed hydra
 10136 | D:11     | Killed a seven-headed hydra
 10201 | D:11     | Noticed a two-headed ogre
 10209 | D:11     | Killed a two-headed ogre
 10210 | D:11     | Reached skill level 10 in Armour
 10212 | D:11     | Reached skill level 10 in Shields
 10221 | D:11     | Noticed a purple ugly thing
 10248 | D:11     | Noticed a tengu warrior
 10266 | D:11     | Killed a tengu warrior
 10322 | D:11     | Noticed a red ugly thing
 10331 | D:11     | Killed a purple ugly thing
 10332 | D:11     | Reached skill level 1 in Throwing
 10338 | D:11     | Killed a red ugly thing
 10443 | D:11     | Reached skill level 11 in Shields
 10583 | D:11     | Received a gift from Trog
 10791 | D:12     | Noticed a rakshasa
 10800 | D:12     | Reached skill level 10 in Fighting
 10815 | D:12     | Killed a rakshasa
 10958 | D:12     | Reached XP level 12. HP: 106/106 MP: 11/11
 10996 | D:12     | Reached skill level 12 in Shields
 11803 | Lair:1   | Entered Level 1 of the Lair of Beasts
 11831 | Lair:1   | Reached skill level 13 in Shields
 12335 | Lair:1   | Reached skill level 14 in Shields
 12445 | Lair:1   | Reached skill level 15 in Polearms
 13010 | Lair:2   | Noticed a four-headed hydra
 13022 | Lair:2   | Killed a four-headed hydra
 13198 | Lair:2   | Reached XP level 13. HP: 106/116 MP: 12/12
 13705 | Lair:2   | Reached skill level 15 in Shields
 14238 | Lair:3   | Found a runed translucent gate.
 14238 | Lair:3   | Found a runed translucent gate.
 14238 | Lair:3   | Found a runed translucent gate.
 14245 | Lair:3   | Noticed Kazon's ghost (journeyman DsFi)
 14365 | Lair:3   | Reached skill level 16 in Shields
 14433 | Lair:3   | Found a staircase to the Shoals.
 14440 | Lair:3   | Found a hole to the Spider Nest.
 14595 | Lair:3   | Received a gift from Trog
 14642 | Lair:3   | Found a frozen archway.
 14664 | IceCv    | Entered an ice cave
 15199 | IceCv    | Noticed a reaper
 15221 | IceCv    | Killed a reaper
 15414 | Lair:3   | Reached skill level 17 in Shields
 15512 | Lair:3   | Reached XP level 14. HP: 127/127 MP: 13/13
 15850 | Lair:3   | Killed Kazon's ghost
 16209 | Lair:4   | Received a gift from Trog
 17165 | Lair:5   | Reached skill level 18 in Shields
 18306 | Lair:6   | Entered Level 6 of the Lair of Beasts
 18352 | Lair:6   | Reached skill level 19 in Shields
 18466 | Lair:6   | Reached ****** piety under Trog
 18667 | Lair:6   | Received a gift from Trog
 18674 | Lair:6   | Reached XP level 15. HP: 137/137 MP: 14/14
 18867 | Lair:6   | Identified the +0 pair of boots of the Equinox {Str+4 Int-4
                  | Dex+6}
 19241 | Lair:6   | Found a viscous altar of Jiyva.
 19241 | Lair:6   | Found a staircase to the Slime Pits.
 19775 | D:13     | Reached skill level 20 in Shields
 20492 | D:13     | Found a gate to the Vaults.
 20870 | D:14     | Noticed Rupert
 20901 | D:14     | Paralysed by Rupert for 4 turns
 20914 | D:14     | Killed Rupert
 21221 | D:14     | Received a gift from Trog
 21222 | D:14     | Reached skill level 21 in Shields
 21293 | D:14     | Cast into level 3 of the Abyss (a wizard)
 21296 | Abyss:3  | Found a corrupted altar of Lugonu.
 21417 | Abyss:3  | Noticed a tentacled starspawn
 21424 | Abyss:3  | Killed a tentacled starspawn
 21497 | Abyss:3  | Noticed an Executioner
 21513 | Abyss:3  | Killed an Executioner
 21536 | D:14     | Escaped the Abyss
 21576 | D:14     | Identified the +1 robe "Bufi" {rElec}
 22297 | D:14     | Noticed Roxanne
 22316 | D:14     | Killed Roxanne
 22792 | D:15     | Entered Level 15 of the Dungeon
 22896 | D:15     | Reached XP level 16. HP: 113/147 MP: 15/15
 23086 | D:15     | Found a gate leading to a gauntlet.
 23095 | Gauntlet | Entered a Gauntlet
 23095 | Gauntlet | Found a transporter.
 23095 | Gauntlet | Found a transporter.
 23095 | Gauntlet | Found a large runed translucent door.
 23095 | Gauntlet | Found a large runed translucent door.
 23095 | Gauntlet | Found a large runed translucent door.
 23095 | Gauntlet | Found a large runed translucent door.
 23095 | Gauntlet | Found a large runed translucent door.
 23095 | Gauntlet | Found a large runed translucent door.
 23095 | Gauntlet | Found a runed translucent door.
 23095 | Gauntlet | Found a runed translucent door.
 23095 | Gauntlet | Found a large runed translucent door.
 23095 | Gauntlet | Found a large runed translucent door.
 23095 | Gauntlet | Found a large runed translucent door.
 23095 | Gauntlet | Found a large runed translucent door.
 23095 | Gauntlet | Found a large runed translucent door.
 23095 | Gauntlet | Found a large runed translucent door.
 23119 | Gauntlet | Found a transporter.
 23121 | Gauntlet | Found a transporter.
 23171 | Gauntlet | Reached skill level 15 in Fighting
 23177 | Gauntlet | Identified the +1 pair of boots of Morality {Dex+2}
 23222 | Gauntlet | Found a transporter.
 23259 | Gauntlet | Found a transporter.
 23278 | Gauntlet | Found a transporter.
 23280 | Gauntlet | Found a transporter.
 23288 | Gauntlet | Found a transporter.
 23295 | Gauntlet | Reached skill level 22 in Shields
 23325 | Gauntlet | Found a transporter.
 23328 | Gauntlet | Identified the +0 pair of boots of Ashenzari's Esteem {rF-
                  | Dex+3}
 23480 | Gauntlet | Received a gift from Trog
 23675 | D:15     | Found a staircase to the Depths.
 23690 | D:15     | Identified the +1 leather armour of Eloaxog {Will+ Stlth+}
 23743 | D:15     | Found a portal to a secret trove of treasure.
 24052 | D:15     | Found the necklace of Bloodlust {*Rage Will++ Int-3 Slay+6}
 24184 | Depths:1 | Entered Level 1 of the Depths
 24396 | Orc:1    | Entered Level 1 of the Orcish Mines
 24663 | Orc:2    | Entered Level 2 of the Orcish Mines
 24698 | Orc:2    | Received a gift from Trog
 24729 | Orc:2    | Found Wotzaropp's Magic Scroll Shop.
 24729 | Orc:2    | Found Rak Toecu's Book Emporium.
 24740 | Orc:2    | Found Paopp's General Store.
 24742 | Orc:2    | Found Igoigag's Book Shoppe.
 24746 | Orc:2    | Bought a scroll of enchant weapon for 75 gold pieces
 24986 | Orc:2    | Reached skill level 23 in Shields
 25072 | Orc:2    | Noticed ChongLi's ghost (journeyman DjFE)
 25074 | Orc:2    | Found a bloodstained altar of Trog.
 25080 | Orc:2    | Found a transporter.
 25088 | Orc:2    | Found a transporter.
 25234 | Orc:2    | Found a staircase to the Elven Halls.
 25363 | Orc:2    | Noticed Nessos
 25371 | Orc:2    | Killed Nessos
 25518 | Orc:2    | Found Biques Odav's Weapon Shoppe.
 26168 | Orc:1    | Received a gift from Trog
 26259 | Elf:1    | Entered Level 1 of the Elven Halls
 26461 | Elf:1    | Found a crumbling gateway.
 26486 | Desolati | Entered the Desolation of Salt
 26674 | Desolati | Reached XP level 17. HP: 62/158 MP: 16/16
 26803 | Desolati | Identified the ring of the Country {Wiz rF+ Will+ Str-2
                  | Int+4}
 26814 | Desolati | Identified the +2 robe "Uror" {rF- rC+ Regen+ Dex+4}
 27455 | Elf:1    | Reached skill level 24 in Shields
 27519 | Elf:1    | Noticed Agnes
 27523 | Elf:1    | Killed Agnes
 28051 | Elf:2    | Received a gift from Trog
 28253 | Elf:2    | Reached skill level 15 in Armour
 28312 | Elf:2    | Paralysed by a floating eye for 2 turns
 28694 | Elf:2    | Paralysed by an air elemental for 1 turns
 28823 | Elf:2    | Received a gift from Trog
 28838 | Elf:2    | Found a runed translucent gate.
 28839 | Elf:2    | Found a runed translucent gate.
 28839 | Elf:2    | Found a runed translucent gate.
 29153 | Elf:2    | Reached skill level 25 in Shields
 29474 | Elf:3    | Entered Level 3 of the Elven Halls
 29555 | Elf:3    | Found a runed translucent door.
 29792 | Elf:3    | Noticed a deep elf blademaster
 29793 | Elf:3    | Noticed a deep elf master archer
 29803 | Elf:3    | Killed a deep elf blademaster
 29805 | Elf:3    | Killed a deep elf master archer
 29807 | Elf:3    | Noticed a deep elf master archer
 29815 | Elf:3    | Noticed a deep elf blademaster
 29822 | Elf:3    | Noticed a deep elf blademaster
 29829 | Elf:3    | Noticed a deep elf blademaster
 29829 | Elf:3    | Killed a deep elf blademaster
 29839 | Elf:3    | Killed a deep elf blademaster
 29840 | Elf:3    | Reached XP level 18. HP: 111/169 MP: 17/17
 29873 | Elf:3    | Noticed a Hell Sentinel
 29903 | Elf:3    | Noticed a Brimstone Fiend
 29904 | Elf:3    | Cast into level 2 of the Abyss (a deep elf demonologist)
 29967 | Abyss:2  | Gained mutation: You are clumsy. (Dex -2) [a neqoxec]
 30102 | Abyss:2  | Gained mutation: You have a beak for a mouth. [a cacodemon]
 30107 | Abyss:2  | Gained mutation: You are very clumsy. (Dex -4) [a
                  | cacodemon]
 30195 | Abyss:2  | Reached skill level 1 in Long Blades
 30195 | Abyss:2  | Reached skill level 1 in Axes
 30195 | Abyss:2  | Reached skill level 1 in Maces & Flails
 30195 | Abyss:2  | Reached skill level 1 in Staves
 30195 | Abyss:2  | Reached skill level 1 in Slings
 30195 | Abyss:2  | Reached skill level 1 in Bows
 30195 | Abyss:2  | Reached skill level 1 in Crossbows
 30195 | Abyss:2  | Reached XP level 19. HP: 41/177 MP: 16/18
 30258 | Abyss:2  | Noticed a bone dragon
 30272 | Abyss:2  | Killed a bone dragon
 30348 | Elf:3    | Escaped the Abyss
 30862 | Elf:3    | Identified the ring of Res Nullius {Fly rC+ rN+}
 30938 | Elf:3    | Found the +7 pair of quick blades "Gyre" and "Gimble"
                  | {protect}
 30951 | Elf:3    | Noticed a Brimstone Fiend
 30991 | Elf:3    | Identified the +2 war axe "Orchi Ifo" {vorpal, rC+ Dex+4}
 31234 | Elf:3    | Reached skill level 26 in Shields
 31248 | Elf:3    | Found a hide-covered altar of Uskayaw.
 31284 | Elf:3    | Received a gift from Trog
 31754 | Elf:3    | Identified the +2 plate armour of Lenaef {Rampage +Inv
                  | Int-3}
 32414 | Elf:3    | Reached skill level 1 in Short Blades
 32414 | Elf:3    | Reached skill level 1 in Unarmed Combat
 32414 | Elf:3    | Reached skill level 1 in Invocations
 32414 | Elf:3    | Reached skill level 1 in Evocations
 32414 | Elf:3    | Reached XP level 20. HP: 185/185 MP: 19/19
 32415 | Elf:3    | Lost mutation: You have a beak for a mouth. [potion of
                  | mutation]
 32415 | Elf:3    | Lost mutation: You are very clumsy. (Dex -4) [potion of
                  | mutation]
 32415 | Elf:3    | Lost mutation: You are clumsy. (Dex -2) [potion of
                  | mutation]
 32415 | Elf:3    | Gained mutation: Your body sometimes deteriorates upon
                  | taking damage. [potion of mutation]
 32415 | Elf:3    | Gained mutation: You are weak. (Str -2) [potion of
                  | mutation]
 32415 | Elf:3    | Gained mutation: Your mind is acute. (Int +2) [potion of
                  | mutation]
 32415 | Elf:3    | Gained mutation: Your spells are a little harder to cast,
                  | but a little more powerful. [potion of mutation]
 32416 | Elf:3    | Lost mutation: Your spells are a little harder to cast, but
                  | a little more powerful. [potion of mutation]
 32416 | Elf:3    | Lost mutation: Your mind is acute. (Int +2) [potion of
                  | mutation]
 32416 | Elf:3    | Lost mutation: Your body sometimes deteriorates upon taking
                  | damage. [potion of mutation]
 32416 | Elf:3    | Gained mutation: You are agile. (Dex +2) [potion of
                  | mutation]
 32416 | Elf:3    | Gained mutation: Your system is resistant to poisons.
                  | (rPois) [potion of mutation]
 32416 | Elf:3    | Gained mutation: You are dopey. (Int -2) [potion of
                  | mutation]
 32766 | Spider:1 | Entered Level 1 of the Spider Nest
 33066 | Spider:1 | Noticed Donald
 33076 | Spider:1 | Killed Donald
 33582 | Spider:1 | Identified the +1 scale mail of Xom's Fury {rN++}
 34213 | Spider:1 | Acquired 1106 gold pieces
 34467 | Spider:2 | Received a gift from Trog
 35470 | Spider:3 | Reached skill level 27 in Shields
 35658 | Spider:3 | Noticed Jorgrun
 35676 | Spider:3 | Killed Jorgrun
 35732 | Spider:3 | Identified the +8 quarterstaff of Discord {venom, *Noise
                  | Int+10 SInv}
 36126 | Spider:4 | Entered Level 4 of the Spider Nest
 36701 | Spider:4 | Reached XP level 21. HP: 182/195 MP: 20/20
 36720 | Spider:4 | Received a gift from Trog
 38166 | Spider:4 | Got a gossamer rune of Zot
 38605 | Vaults:1 | Entered Level 1 of the Vaults
 40109 | Vaults:1 | Received a gift from Trog
 40705 | Vaults:2 | Noticed Mennas
 40745 | Vaults:2 | Noticed Margery
 40763 | Vaults:2 | HP: 6/199 [ironbound preserver/+0 great mace (10)]
 40767 | Vaults:2 | Slain by Mennas

Illustrated notes

Levels and vault maps discovered:
D:1:      lightli_arrival_chessboard, layout_basic,
          shapermc_ecumenical_altar_mp_highgroup, serial_corexii_hall,
          chequers_hall_statues_y, corexii_hall_statues_i, minmay_hexomino_c4
D:2:      layout_basic, serial_shops, shop, grunt_ministairs_2, minivault_24,
          chequers_serial_rivers_room_b, minmay_bisected
D:3:      layout_basic, minmay_misc_feat_encased, uniq_natasha, uniq_robin,
          uniq_terence
D:4:      layout_loops_ring, minmay_temple_entry_proselytizer,
          uniq_crazy_yiuf_cottage, uniq_sigmund
D:5:      layout_basic, lemuel_round_altar, serial_shops, kennysheep_mini
D:6:      cheibrodos_helix_gallery, layout_basic, uniq_eustachio
D:7:      due_chaos_kobolds, layout_loops_ring
D:8:      layout_cave_pools
D:9:      layout_basic, hiddenorc1_lemuel, serial_shops,
          nicolae_inconvenience_store, grunt_decor_arrowhead, minivault_23,
          amcnicky_mini_rare_corridor_liquid, hangedman_decor_lopped,
          hangedman_decor_riveting, hangedman_incinerator
D:10:     layout_roguey, mainiacjoe_overflow_concentric_impassable,
          lair_entry_dummy, nicolae_transmutations_shop, lemuel_flamethrower_1,
          uniq_grum
D:11:     layout_cave_pools, kennysheep_nondescript, minmay_diced_spiral
D:12:     layout_basic
D:13:     layout_loops_ring, skrybe_vaults_entry_preservation, disabler_island
D:14:     four-leaf_vault, layout_basic, chequers_serial_rivers_micro_e,
          hangedman_cracks_in_the_wall, uniq_roxanne, uniq_rupert
D:15:     hangedman_depths_entry_civil_slaughter, layout_irregular_city,
          nicolae_trove_entry_isolated, gauntlet_entry_generic,
          nrook_guardian_serpent_double
Lair:1:   minmay_lair_oklob_chamber, layout_regular_city, st_stairs_7,
          beast_lair_carwin_3, infiniplex_staircase_pool
Lair:2:   layout_cave_pods
Lair:3:   layout_big_grid, shoals_dummy_entry,
          hellmonk_spider_entry_not_the_bees, gammafunk_ghost_necromancy,
          portal_ice_cave_entry_pillars_1
Lair:4:   layout_cave_pods, minmay_lair_oklob_bushes,
          kennysheep_abandoned_house, serial_bayou_shore_b, serial_bayou_shore_b
Lair:5:   layout_concentric_octagons, lemuel_fruit_tree
Lair:6:   minmay_lair_end_frog_pond, layout_regular_city,
          dpeg_slime_entry_enclosed_altar
Spider:1: layout_spider_delve, nicolae_spider_wall_of_niches, uniq_donald
Spider:2: layout_spider_delve, nicolae_spider_scorpion_nest,
          hangedman_spider_tarantella_strand
Spider:3: layout_spider_delve, uniq_jorgrun
Spider:4: grunt_spider_rune_parallel
Orc:1:    layout_caves
Orc:2:    st_orc_rangers, layout_caves, serial_shops, shop_fountains,
          gammafunk_ghost_wrathful_warriors, uniq_nessos
Elf:1:    elf_arrival_002, layout_geoelf_diagonals,
          portal_desolation_entry_nicolae_nacl, minmay_elf_necromancy,
          st_stairs_10, uniq_agnes
Elf:2:    nicolae_elf_blades_crystal_corner, layout_loops_corners,
          onia_ninara_cookie, lemuel_elevator
Elf:3:    minmay_elf_hall, layout_geoelf_castle, nicolae_danse_macabre
Vaults:1: dpeg_vaults_monster_box, ontoclasm_vaults_loading_screen,
          ontoclasm_vaults_ligature, v_misc_16, vaults_room_corners,
          nicolae_vaults_border_crossing, layout_vaults_omnigrid
Vaults:2: vaults_standard_mumra_enter_the_diamond, ontoclasm_vaults_tryst,
          nicolae_vaults_circle_grid_a, nicolae_vaults_ring_of_whatevers,
          nicolae_vaults_little_ls, nicolae_vaults_diagonal_hallway_9,
          layout_vaults_big_room, uniq_mennas, uniq_margery
Depths:1: layout_cave_shapes, chequers_serial_rivers_small_b,
          hangedman_abyss_entry_splay, pf_coc_iceberg, minmay_misc_feat_columns,
          serial_bayou_pond_e, drop_trap, nicolae_gozag_seed_capital

Skill      XL: |  1  2  3  4  5  6  7  8  9 10 11 12 13 14 15 16 17 18 19 20 21 |
---------------+----------------------------------------------------------------+-----
Polearms       | 4 5 6 7 9 11 13 14 15 16 17 18 19 20 21 | 21.1
Fighting       | 4 5 6 7 9 10 11 12 13 14 16 17 18 19 | 19.6
Dodging        | 3 4 |  4.3
Armour         | 3 4 5 6 7 8 9 10 11 12 13 14 15 16 17 | 17.6
Stealth        | 1 2 |  2.4
Shields        | 1 2 3 4 5 7 11 14 17 19 21 23 25 26 27 | 27.0
Throwing       | 1 2 |  2.3
Long Blades    | 1 |  1.4
Axes           | 1 |  1.6
Maces & Flails | 1 |  1.9
Staves         | 1 |  1.4
Slings         | 1 |  1.5
Bows           | 1 2 |  2.2
Crossbows      | 1 |  1.5
Short Blades   | 1 |  1.5
Unarmed Combat | 1 |  1.2
Invocations    | 1 |  1.1
Evocations     | 1 |  1.2

Action                   |  1- 3 |  4- 6 |  7- 9 | 10-12 | 13-15 | 16-18 | 19-21 || total
-------------------------+-------+-------+-------+-------+-------+-------+-------++-------
Melee: Spear             |    93 |   128 |       |       |       |       |       ||   221
       Headbutt          |     7 |    27 |    65 |   192 |   440 |   284 |   413 ||  1428
       Trident           |       |    53 |   230 |   684 |   284 |       |       ||  1251
       Punch             |       |     2 |     3 |     3 |       |       |       ||     8
       Demon trident     |       |       |       |       |  1188 |   981 |  1202 ||  3371
       Peck              |       |       |       |       |       |    11 |    55 ||    66
Throw: Boomerang         |       |       |       |     8 |     2 |       |       ||    10
Invok: Berserk           |       |     2 |     3 |     9 |    20 |    11 |    15 ||    60
Evoke: Wand              |       |       |       |       |       |     2 |       ||     2
  Use: Potion            |     2 |       |       |       |       |     6 |    14 ||    22
       Scroll            |       |       |    11 |    15 |     5 |     1 |    10 ||    42
 Stab: Petrified         |       |       |       |       |     3 |       |       ||     3
Armor: Animal skin       |    11 |       |       |       |       |       |       ||    11
       Ring mail         |    10 |    10 |       |       |       |       |       ||    20
       Chain mail        |       |    46 |    12 |       |       |       |       ||    58
       Crystal plate arm |       |       |   151 |   373 |   636 |   399 |   694 ||  2253
Dodge: Dodged            |    82 |    80 |   104 |   198 |   347 |   180 |   254 ||  1245
Block: Other             |     8 |    32 |    61 |    31 |       |       |       ||   132
       Reflection        |       |       |     1 |    42 |    49 |   128 |    31 ||   251
       Kite shield       |       |       |       |   579 |   491 |       |       ||  1070
       Tower shield      |       |       |       |       |  1545 |  1333 |  2140 ||  5018
